AoeStats
← Cannavaro

Arabia

505944461Analyzed
4v4 RM · 20d ago on Sep 11, 2026· 29m 27s· 8 players
Game mode
Random Map
Map size
Large (8 player)
Population
200
Speed
Normal
Resources
Standard
Victory
Conquest
Starting age
Dark Age
Ending age
Imperial Age
RankedLock teamsTeams togetherTeam positionsShared explorationLock speedFull tech treeHidden civsTurbo modeCheats
Victory
Defeat
🇧🇷 Khmer · Brazil
1242
+14
🇵🇰 Poles · Pakistan
1221
+15
🇰🇷 Italians · South Korea
1214
+15
🇩🇪 Ethiopians · Germany
1175
+16
🇨🇱 Persians · Chile
1544
-28
🇩🇪 Cumans · Germany
1146
-13
🇩🇪 Ethiopians · Germany
1118
-12
🇩🇪 Bulgarians · Germany
985
-7
Casi
6:39 Loom
9:33 Feudal Age
9:38 Man-at-Arms
15:04 Double-Bit Axe
23:31 Wheelbarrow
Cannavaro
11:35 Feudal Age
13:41 Double-Bit Axe
22:58 Loom
23:56 Wheelbarrow
Peppe
8:03 Loom
10:20 Feudal Age
11:22 Double-Bit Axe
15:50 Fletching
17:05 Padded Archer Armor
18:49 Wheelbarrow
23:25 Castle Age
23:30 Crossbowman
27:30 Bodkin Arrow
Hennessy
6:55 Loom
9:28 Feudal Age
9:23 Man-at-Arms
13:59 Fletching
17:49 Double-Bit Axe
22:38 Padded Archer Armor
24:06 Wheelbarrow
24:39 Town Watch
28:47 Castle Age
26:53 Gold Mining
27:30 Horse Collar
Zuku
7:15 Loom
9:57 Feudal Age
10:41 Double-Bit Axe
10:39 Horse Collar
16:11 Scale Barding Armor
20:09 Bloodlines
22:09 Stone Mining
26:19 Castle Age
25:24 Forging
26:24 Light Cavalry
27:40 Iron Casting
27:27 Bow Saw
27:23 Heavy Plow
27:59 Husbandry
29:02 Szlachta Privileges
Pablo AndarBar
5:14 Loom
9:03 Feudal Age
9:41 Double-Bit Axe
10:37 Horse Collar
20:55 Castle Age
19:35 Bloodlines
20:08 Scale Barding Armor
19:55 Gold Mining
23:43 Bow Saw
24:06 Husbandry
27:35 Heavy Plow
szedler
7:24 Loom
9:47 Feudal Age
13:04 Fletching
22:56 Castle Age
21:42 Double-Bit Axe
21:50 Horse Collar
22:13 Padded Archer Armor
22:18 Gold Mining
23:09 Crossbowman
23:47 Bodkin Arrow
26:30 Bow Saw
PAWA
6:01 Loom
9:00 Feudal Age
14:41 Fletching
14:51 Padded Archer Armor
21:14 Padded Archer Armor
27:38 Castle Age
27:23 Double-Bit Axe
27:41 Crossbowman
28:21 Bodkin Arrow
29:12 Thumb Ring
29:27 Leather Archer Armor
Connection lost

Rejoining the realm…

Still unreachable

The connection could not be restored.

Session expired

The server has moved on; the page needs a fresh start.